 Dungeon Crawl Stone Soup version 0.15.0-23-gc2b521c (webtiles) character file.

695 Impy the Covered (level 7, -12/52 HPs)
             Began as a Demonspawn Wanderer on Sept 9, 2014.
             Was an Initiate of Qazlal.
             Killed from afar by Dowan (14 damage)
             ... with a shard of ice
             ... on Level 5 of the Dungeon.
             The game lasted 00:19:36 (4038 turns).

Impy the Covered (Demonspawn Wanderer)              Turns: 4038, Time: 00:19:37

HP -12/52        AC 14     Str 14      XL: 7   Next: 37%
MP   0/12        EV  8     Int 15      God: Qazlal [......]
Gold 123         SH  0     Dex 11      Spells:  0 memorised, 10 levels left

rFire  . . .     SeeInvis .     g - +0 morningstar
rCold  . . .     Clarity  .     a - +3 scale mail
rNeg   . . .     rCorr    .     (no shield)
rPois  .         rRot     .     u - +2 hat
rElec  .         Spirit   +     (no cloak)
SustAb .         Warding  .     (no gloves)
rMut   .         Stasis   .     (no boots)
Gourm  .                        (no amulet)
MR     .....                    (no ring)
                                (no ring)

@: not resistant to hostile enchantments, extremely unstealthy
A: thin metallic scales 1, spiny 1, magic shield
a: Renounce Religion


You were on level 5 of the Dungeon.
You worshipped Qazlal.
Qazlal was noncommittal.
You were not hungry.

You visited 2 branches of the dungeon, and saw 6 of its levels.

You collected 123 gold pieces.

Inventory:

Hand weapons
 b - a +2 mace of protection
 d - a +0 club
 g - a +0 morningstar (weapon)
 m - a +0 whip
 n - a +0 mace
Armour
 a - a +3 scale mail (worn)
 u - a +2 hat (worn)
Magical devices
 k - a wand of confusion (9)
 s - a wand of paralysis (4)
 t - a wand of flame (8)
Comestibles
 f - a bread ration
 i - 2 fruits
 l - a beef jerky
 p - 3 meat rations
Scrolls
 e - 4 scrolls of remove curse
 h - 2 scrolls of identify
 j - a scroll of teleportation
 o - 2 scrolls of enchant weapon {unknown}
Potions
 q - a potion of restore abilities
 r - a potion of confusion


   Skills:
 - Level 3.0 Fighting
 + Level 4.9 Maces & Flails
 - Level 1.0 Throwing
 + Level 4.9 Armour
 - Level 2.0 Spellcasting
   Level 1.7 Transmutations
 + Level 1.6 Invocations
 - Level 1.0 Evocations


You had 10 spell levels left.
You didn't know any spells.

Dungeon Overview and Level Annotations

Branches:
Dungeon (5/15)             Temple (1/1) D:4

Altars:
Ashenzari
Cheibriados
Elyvilon
Fedhas
Kikubaaqudgha
Makhleb
Nemelex Xobeh
Okawaru
Qazlal
Sif Muna
Vehumet
Xom
Yredelemnul
Zin
The Shining One

Shops:
D:3 *   D:5 =

Annotations:
D:4 Eustachio
D:5 Dowan


Innate Abilities, Weirdness & Mutations

You are partially covered in thin metallic scales (AC +2).
You are partially covered in sharp spines.
When hurt, damage is shared between your health and your magic reserves.


Message History

The stone arrow hits you!
* * * LOW HITPOINT WARNING * * *
Dowan hits you with a dagger.
* * * LOW HITPOINT WARNING * * *
Evoke which item? (* to show all) (? for menu, Esc to quit)
Zapping:
t - a wand of flame {zapped: 3}
Press: ? - help, Shift-Dir - straight line, f/p - Dowan
Aim: Dowan, wielding a dagger and wearing a robe (almost dead, fast)
The puff of flame misses Dowan.
Dowan casts a spell.
Dowan blinks!
Evoke which item? (* to show all) (? for menu, Esc to quit)
Zapping:
t - a wand of flame {zapped: 4}
Press: ? - help, Shift-Dir - straight line, f/p - Dowan
Aim: Dowan, wielding a dagger and wearing a robe (almost dead, fast)
The puff of flame hits Dowan.
Dowan is almost dead.
Dowan gestures at you while chanting. The shard of ice hits you!
You die...

#############
#>....e.@...##
#.#...#####..# #.
##)# #.# #.## #
#..# #.####e#####
#..........#
+..........#######


You could see Dowan.

Vanquished Creatures
  An ogre (D:4)
  Sigmund (D:4)
  Duvessa (D:5)
  2 scorpions
  A quasit (D:4)
  A hound (D:4)
  3 orc priests
  An orc wizard (D:3)
  An ogre skeleton (D:4)
  7 adders
  3 gnolls (D:3)
  A green rat (D:4)
  A white imp (D:4)
  4 worms
  An ufetubus (D:4)
  5 giant geckos
  12 orcs
  8 giant cockroaches
  9 hobgoblins
  11 kobolds
  3 quokkas
  8 bats
  3 giant newts (D:1)
  6 goblins
  A hobgoblin skeleton (D:5)
  6 jackals
  An orc skeleton (D:4)
  14 rats
  2 rat skeletons (D:4)
118 creatures vanquished.

Notes
Turn   | Place    | Note
--------------------------------------------------------------
     0 | D:1      | Impy, the Demonspawn Wanderer, began the quest for the Orb.
     0 | D:1      | Reached XP level 1. HP: 18/18 MP: 2/2
   128 | D:1      | Gained mutation: When hurt, damage is shared between your health and your magic reserves. [demonic ancestry]
   128 | D:1      | Reached XP level 2. HP: 20/24 MP: 3/3
   546 | D:2      | Found a blossoming altar of Fedhas.
   730 | D:2      | Reached XP level 3. HP: 12/29 MP: 5/5
  1027 | D:2      | Found a sparkling altar of Nemelex Xobeh.
  1462 | D:2      | Gained mutation: You are partially covered in sharp spines. [demonic ancestry]
  1462 | D:2      | Reached XP level 4. HP: 35/35 MP: 7/7
  1899 | D:3      | Found Zin's Purification Station.
  1900 | D:3      | Found a glowing silver altar of Zin.
  1947 | D:3      | Reached XP level 5. HP: 23/41 MP: 7/9
  2288 | D:3      | Found a shimmering altar of Xom.
  2737 | D:4      | Gained mutation: You are partially covered in thin metallic scales (AC +2). [demonic ancestry]
  2737 | D:4      | Reached XP level 6. HP: 40/47 MP: 10/10
  2809 | D:4      | Found a burning altar of Makhleb.
  2810 | D:4      | Found a deep blue altar of Sif Muna.
  2811 | D:4      | Found a sparkling altar of Nemelex Xobeh.
  2813 | D:4      | Noticed Sigmund
  2869 | D:4      | Killed Sigmund
  2869 | D:4      | Reached skill level 4 in Armour
  2898 | D:4      | Found a staircase to the Ecumenical Temple.
  2923 | Temple   | Entered the Ecumenical Temple
  3141 | D:4      | Noticed an ogre
  3146 | D:4      | Killed an ogre
  3463 | D:4      | Reached XP level 7. HP: 45/52 MP: 9/12
  3600 | D:4      | Noticed Eustachio
  3794 | D:5      | Entered Level 5 of the Dungeon
  3814 | D:5      | Found a stormy altar of Qazlal.
  3822 | D:5      | Became a worshipper of Qazlal Stormbringer
  3827 | D:5      | Found Chiag's Jewellery Shop.
  3853 | D:5      | Reached skill level 1 in Invocations
  4004 | D:5      | Noticed Dowan
  4005 | D:5      | Noticed Duvessa
  4019 | D:5      | Killed Duvessa
  4036 | D:5      | HP: 2/52 [Dowan/stone arrow (17)]
  4038 | D:5      | Killed from afar by Dowan

Action                   |  1- 3 |  4- 6 |  7- 9 || total
-------------------------+-------+-------+-------++-------
Melee: Club              |   127 |       |       ||   127
       Whip              |    24 |       |       ||    24
       Mace              |    67 |   107 |       ||   174
       Morningstar       |       |   158 |    90 ||   248
Evoke: Wand              |       |     2 |     8 ||    10
  Use: Potion            |     4 |     9 |     2 ||    15
       Scroll            |     5 |     1 |       ||     6
 Stab: Invisible         |     2 |       |       ||     2
       Paralysed         |       |     2 |       ||     2
  Eat: Chunk             |     2 |     3 |       ||     5
       Bread ration      |       |     1 |     1 ||     2
